 Dungeon Crawl Stone Soup version 0.17.1-2-g5865329 (webtiles) character file.

118 Lonerover the Skirmisher (level 4, -1/42 HPs)
             Began as a Minotaur Fighter on Feb 3, 2016.
             Slain by a gnoll
             ... wielding a +0 whip
              (6 damage)
             ... on level 3 of the Dungeon.
             The game lasted 00:09:44 (1576 turns).

Lonerover the Skirmisher (Minotaur Fighter)         Turns: 1576, Time: 00:09:45

Health: -1/42      AC:  8    Str: 22    XL:     4   Next: 72%
Magic:  3/3        EV:  7    Int:  5    God:
Gold:   127        SH:  9    Dex:  9    Spells: 0 memorised, 3 levels left

rFire  . . .     SeeInvis .     a - +0 war axe
rCold  . . .     Clarity  .     b - +0 scale mail
rNeg   . . .     SustAt   +     c - +0 shield
rPois  .         Gourm    .     (helmet restricted)
rElec  .         Spirit   .     (no cloak)
rCorr  .         Warding  .     j - +0 pair of gloves
rMut   .         Stasis   .     (no boots)
MR     .....                    (no amulet)
Stlth  ..........               n - ring of sustain attributes
                                h - ring of flight

@: not resistant to hostile enchantments, extremely unstealthy
A: retaliatory headbutt, horns 2
a: Evoke Flight


You were on level 3 of the Dungeon.
You were hungry.

You visited 1 branch of the dungeon, and saw 3 of its levels.

You collected 127 gold pieces.

Inventory:

Hand Weapons
 a - a +0 war axe (weapon)
Armour
 b - a +0 scale mail (worn)
 c - a +0 shield (worn)
 j - a +0 pair of gloves (worn)
Jewellery
 h - a ring of flight (left hand)
 n - a ring of sustain attributes (right hand)
 o - a +4 ring of intelligence
Wands
 p - a wand of digging (6)
Scrolls
 i - 2 scrolls of remove curse
 k - a scroll of identify
Potions
 d - a potion of might
 f - 2 potions of haste
 g - 3 potions of curing
Comestibles
 e - 2 bread rations
 l - 2 meat rations
 m - 2 chunks of flesh


   Skills:
 + Level 5.4 Fighting
 + Level 4.4 Axes
 - Level 3.6 Armour
 - Level 3.6 Shields


You had 3 spell levels left.
You didn't know any spells.

Dungeon Overview and Level Annotations

Branches:
Dungeon (3/15)

Altars:
Ashenzari
Trog
Vehumet


Innate Abilities, Weirdness & Mutations

You reflexively headbutt those who attack you in melee.
You have a pair of horns on your head.


Message History

The gnoll is severely wounded.
The gnoll closely misses you.
The gnoll hits you from afar with a halberd.
You block the gnoll's attack.
You hit the gnoll.
You kill the gnoll!
You are feeling hungry.
The gnoll barely misses you.
You closely miss the gnoll. Your headbutt misses the gnoll.
You block the gnoll's attack. The gnoll hits you but does no damage.
You barely miss the gnoll. The gnoll hits you but does no damage.
You block the gnoll's attack. The gnoll hits you with a whip.
* * * LOW HITPOINT WARNING * * *
You hit the gnoll.
The gnoll is lightly wounded.
The gnoll hits you from afar with a halberd!
* * * LOW HITPOINT WARNING * * *
You block the gnoll's attack.
You completely miss the gnoll. The gnoll hits you with a whip.
You die...

#.......... ##..........
#.[......>..
######...........
######.g..g...........
######......####...).......
..# #.)....######
#.g......... ... #.######
########g.......## ##
.............(..@.....<..#
#
.#####...#########.#######
### .......
#######.######## ###..
....... ................
..... .....#.
##.###..######## #####
....... ....##..######## #.
.....##
...............######.
.....#
#######....###........
.###.# #.#...####......


You could see 2 gnolls.

Vanquished Creatures
  2 gnolls (D:3)
  5 adders
  A giant gecko (D:3)
  5 orcs (D:3)
  2 bats (D:1)
  4 giant cockroaches (D:2)
  8 goblins
  4 hobgoblins
  6 jackals
  A quokka (D:2)
  2 giant newts (D:2)
  6 kobolds
  3 rats
49 creatures vanquished.

Notes
Turn   | Place    | Note
--------------------------------------------------------------
     0 | D:1      | Lonerover the Minotaur Fighter began the quest for the Orb.
     0 | D:1      | Reached XP level 1. HP: 19/19 MP: 0/0
   126 | D:1      | Reached XP level 2. HP: 22/27 MP: 1/1
   131 | D:1      | Reached skill level 4 in Fighting
   603 | D:2      | Reached XP level 3. HP: 23/33 MP: 2/2
   628 | D:2      | Found a bloodstained altar of Trog.
   707 | D:2      | Found a radiant altar of Vehumet.
   756 | D:2      | Found a faded altar to an unknown god.
   861 | D:2      | Found a shattered altar of Ashenzari.
   960 | D:2      | Reached XP level 4. HP: 28/41 MP: 3/3
  1274 | D:2      | Reached skill level 5 in Fighting
  1576 | D:3      | Slain by a gnoll

Action                   |  1- 3 |  4- 6 || total
-------------------------+-------+-------++-------
Melee: War axe           |    85 |    59 ||   144
  Use: Potion            |     4 |       ||     4
       Scroll            |     4 |     1 ||     5
  Eat: Chunk             |       |     2 ||     2
